 Dungeon Crawl Stone Soup version 0.27-a0-1193-g8631133539 (webtiles) character file.

Game seed: 1194056629636838180

5390 wakim the Grappler (level 10, -1/98 HPs)
             Began as a Troll Fighter on May 26, 2021.
             Was a Follower of Qazlal.
             Killed from afar by an electric eel (8 damage)
             ... with a bolt of electricity
             ... on level 8 of the Dungeon.
             The game lasted 00:21:59 (7470 turns).

wakim the Grappler (Troll Fighter)                  Turns: 7470, Time: 00:22:00

Health: -1/98      AC:  9    Str: 28    XL:     10   Next: 39%
Magic:  11/11      EV: 10    Int:  5    God:    Qazlal [*.....]
Gold:   399        SH: 13    Dex:  9    Spells: 9/9 levels left

rFire    + . .     SeeInvis +     - Unarmed
rCold    . . .     Faith    .   b - +1 kite shield
rNeg     . . .     Spirit   .   c - +2 robe {Will+}
rPois    .         Reflect  .   (helmet restricted)
rElec    .         Harm     .   j - +2 cloak
rCorr    .         Rampage  .   (gloves unavailable)
Will     +....                  (boots unavailable)
Stlth    +.........             (no amulet)
HPRegen  1.26/turn              d - ring of protection from fire
MPRegen  0.12/turn              a - ring of see invisible

@: no status effects
A: large, unfitting armour, claws 3, regeneration 1, shaggy fur 1, tough skin 1
a: Renounce Religion


You were on level 8 of the Dungeon.
You worshipped Qazlal.
Qazlal was aware of your devotion.
You visited 2 branches of the dungeon, and saw 10 of its levels.

You collected 399 gold pieces.

Inventory:

Hand Weapons
 i - the +4 dagger "Hellblazer" {venom, rN+ rCorr SInv}
   (You found it on level 8 of the Dungeon)

   It poisons the flesh of those it strikes.
   It protects you from negative energy.
   It lets you see invisible.
   It protects you from acid and corrosion.
Missiles
 e - 4 throwing nets (quivered) {=f!f}
Armour
 b - a +1 kite shield (worn)
 c - a +2 robe of willpower (worn)
 j - a +2 cloak (worn)
Jewellery
 a - a ring of see invisible (right claw)
 d - a ring of protection from fire (left claw)
Wands
 y - a wand of paralysis (8)
Scrolls
 f - 2 scrolls of enchant armour
 r - 2 scrolls of identify
Potions
 g - a potion of resistance {unknown}
 h - a potion of berserk rage {unknown}
 k - 3 potions of brilliance {unknown}
 l - a potion of lignification {unknown}
 m - a potion of mutation {unknown}
 B - 5 potions of attraction {!q}
 F - 7 potions of curing
 G - a potion of flight
 N - 4 potions of might


   Skills:
 + Level 6.1 Fighting
 + Level 6.1 Dodging
 + Level 6.1 Shields
 * Level 9.8 Unarmed Combat
 + Level 3.3 Invocations


You had 9 spell levels left.
You didn't know any spells.
Your spell library contained the following spells:

 Spells                   Type           Power      Damage    Failure   Level
 Animate Skeleton         Necr           0%         N/A       69%         1
 Magic Dart               Conj           0%         1d3       69%         1
 Pain                     Necr           0%         1d4       69%         1
 Sandblast                Erth           0%         2d4       69%         1
 Blink                    Tloc           N/A        N/A       83%         2
 Call Imp                 Summ           0%         N/A       83%         2
 Passwall                 Tmut/Erth      0%         N/A       83%         2
 Searing Ray              Conj           0%         3d3       83%         2
 Slow                     Hex            0%         N/A       83%         2
 Conjure Flame            Conj/Fire      0%         6-21      96%         3
 Dazzling Flash           Conj/Hex       0%         N/A       96%         3
 Mephitic Cloud           Conj/Pois/Air  0%         N/A       96%         3
 Stone Arrow              Conj/Erth      0%         3d7       96%         3
 Vampiric Draining        Necr           0%         2d6       96%         3
 Animate Dead             Necr           0%         N/A       100%        4
 Fulminant Prism          Conj/Hex       0%         3d6       100%        4
 Iskenderun's Mystic Bla  Conj/Tloc      0%         2d3       100%        4
 Petrify                  Tmut/Erth      0%         N/A       100%        4
 Agony                    Necr           0%         N/A       100%        5
 Lee's Rapid Deconstruct  Erth           0%         3d5*      100%        5


Dungeon Overview and Level Annotations

Branches:
Dungeon (9/15)             Temple (1/1) D:7            Lair (0/6) D:8
    Orc: D:9-12

Altars:
Ashenzari
Dithmenos
Elyvilon
Fedhas
Gozag
Kikubaaqudgha
Qazlal
Ru
Sif Muna
Uskayaw
Vehumet
Wu Jian
Xom
Yredelemnul
The Shining One

Shops:
D:3 [

Annotations:
D:3 2 transporters
D:5 2 transporters, HoaS's ghost, novice GrGl


Innate Abilities, Weirdness & Mutations

You are too large for most types of armour.
You have claws for hands.
Your natural rate of healing is unusually fast.
You are covered in fur. (AC +1)
You have tough skin. (AC +1)


Message History

The bolt of electricity hits you.
You start resting.
HP restored.
There are monsters nearby!
The electric eel shoots out a bolt of lightning at you!
The bolt of electricity hits you!
The electric eel shoots out a bolt of lightning at you!
The bolt of electricity hits you!
The electric eel shoots out a bolt of lightning at you!
The bolt of electricity hits you!
The electric eel shoots out a bolt of lightning at you!
The bolt of electricity hits the electric eel.
The electric eel completely resists.
The bolt of electricity hits you! The bolt of electricity misses you.
The electric eel shoots out a bolt of lightning at you!
The bolt of electricity hits you.
The electric eel shoots out a bolt of lightning at you!
The bolt of electricity hits the electric eel.
The electric eel completely resists.
The bolt of electricity hits you.
* * * LOW HITPOINT WARNING * * *
The electric eel shoots out a bolt of lightning at you!
The bolt of electricity hits you.
* * * LOW HITPOINT WARNING * * *
You closely miss the electric eel.
The electric eel shoots out a bolt of lightning at you!
The bolt of electricity hits the electric eel.
The electric eel completely resists.
The bolt of electricity hits you.
* * * LOW HITPOINT WARNING * * *
The electric eel shoots out a bolt of lightning at you!
The bolt of electricity hits you!
* * * LOW HITPOINT WARNING * * *
The electric eel shoots out a bolt of lightning at you!
The bolt of electricity hits you!
* * * LOW HITPOINT WARNING * * *
The electric eel shoots out a bolt of lightning at you!
The bolt of electricity hits you!
* * * LOW HITPOINT WARNING * * *
The electric eel shoots out a bolt of lightning at you!
The bolt of electricity hits you!
You die...

##... ### ....> .. .#...
######.## ................# #####
###### .≈.....[...≈....#
##...###.....
.≈≈≈≈≈≈..≈≈≈....#####..#.........
≈≈≈≈≈≈≈≈≈≈≈≈≈.......>.......####.
≈≈≈.≈≈≈≈≈≈≈≈≈≈..☼.......###.# #.
≈..≈...≈≈≈≈.....@...........# #.
≈≈...≈..≈≈≈≈≈≈..####........# #)
≈..>............# #........# #.
≈≈....≈≈≈≈†≈;;..####........# #.
≈.≈≈≈≈.≈≈≈≈≈≈≈..............# #.
≈≈≈≈≈≈≈≈.≈≈≈≈....###.......## #.
≈≈≈≈≈≈≈≈≈.≈)......##.......# #.
≈≈≈≈≈≈≈≈≈..≈............#### ##
≈≈≈≈≈≈≈....≈.≈....#........#


You could see 2 electric eels.

Vanquished Creatures
  A tengu warrior (D:8)
  Maurice (D:8)
  2 trolls (D:8)
  A hornet (D:9)
  A wraith (D:9)
  A wyvern (D:6)
  A steam dragon (D:7)
  2 water moccasins (D:5)
  A sky beast (D:7)
  2 ice beasts (D:7)
  2 orc warriors
  A black bear (D:8)
  2 necrophages
  2 wolves
  3 centaurs
  An ogre (D:5)
  A kobold brigand (D:7)
  A bullfrog (D:8)
  2 scorpions
  5 killer bees (D:9)
  A wight (D:7)
  4 electric eels (D:8)
  A centaur zombie (D:7)
  A bullfrog zombie (D:6)
  9 hounds
  6 orc priests
  2 jellies
  2 centaur skeletons (D:7)
  10 orc wizards
  2 iguanas
  Terence (D:2)
  A hound zombie (D:5)
  14 gnolls
  6 adders
  2 shadow imps
  2 white imps
  An ufetubus (D:4)
  An adder skeleton (D:4)
  A worm (D:3)
  3 dart slugs
  28 orcs
  6 bats
  6 endoplasms
  5 giant cockroaches
  2 goblins
  5 hobgoblins
  15 jackals
  3 quokkas
  3 ball pythons
  4 frilled lizards
  11 kobolds
  2 rats
193 creatures vanquished.

Vanquished Creatures (others)
  An orc wizard (D:7)
  An orc (D:8)
  A rat (D:2)
3 creatures vanquished.

Grand Total: 196 creatures vanquished

Notes
Turn   | Place    | Note
-------+----------+-------------------------------------------
     0 | D:1      | wakim the Troll Fighter began the quest for the Orb.
     0 | D:1      | Reached XP level 1. HP: 22/22 MP: 0/0
   155 | D:1      | Reached XP level 2. HP: 29/29 MP: 1/1
   389 | D:1      | Found a faded altar of an unknown god.
   679 | D:2      | Reached XP level 3. HP: 36/36 MP: 2/2
   687 | D:2      | Reached skill level 3 in Unarmed Combat
   822 | D:2      | Reached XP level 4. HP: 44/44 MP: 3/3
   856 | D:2      | Noticed Terence
   863 | D:2      | Killed Terence
  1294 | D:3      | Found Zounuarch's Armour Emporium.
  1444 | D:3      | Found a transporter.
  1628 | D:3      | Found a transporter.
  1732 | D:3      | Reached XP level 5. HP: 53/53 MP: 4/4
  1875 | D:3      | Found a glowing golden altar of the Shining One.
  1911 | D:3      | Reached skill level 4 in Unarmed Combat
  1963 | D:4      | Reached XP level 6. HP: 61/61 MP: 5/5
  2335 | D:4      | Reached skill level 5 in Unarmed Combat
  2397 | D:4      | Reached XP level 7. HP: 64/67 MP: 6/6
  2554 | D:5      | Entered Level 5 of the Dungeon
  2949 | D:5      | Found a transporter.
  2952 | D:5      | Noticed HoaS's ghost (novice GrGl)
  3028 | D:5      | Found a transporter.
  3090 | D:5      | Reached skill level 6 in Unarmed Combat
  3790 | D:6      | Reached XP level 8. HP: 77/78 MP: 7/7
  4401 | D:6      | Identified the +8 spear of the Aged Nightmares {holy, rN+
                  | Str+3 Int-3 Dex+6}
  4963 | D:7      | Reached skill level 7 in Unarmed Combat
  5043 | D:7      | Reached skill level 5 in Shields
  5086 | D:7      | Reached skill level 5 in Fighting
  5086 | D:7      | Reached skill level 5 in Dodging
  5086 | D:7      | Reached XP level 9. HP: 76/88 MP: 8/8
  5203 | D:7      | Reached skill level 8 in Unarmed Combat
  5306 | D:7      | Found a staircase to the Ecumenical Temple.
  5313 | Temple   | Entered the Ecumenical Temple
  5343 | Temple   | Became a worshipper of Qazlal Stormbringer
  5790 | D:8      | Found a staircase to the Lair.
  5790 | D:8      | Noticed a troll
  5809 | D:8      | Killed a troll
  5814 | D:8      | Reached skill level 1 in Invocations
  5831 | D:8      | Noticed a troll
  5849 | D:8      | Killed a troll
  5977 | D:8      | Noticed Maurice
  6061 | D:8      | Killed Maurice
  6124 | D:8      | Reached skill level 9 in Unarmed Combat
  6463 | D:8      | Reached XP level 10. HP: 73/98 MP: 10/10
  6724 | D:8      | Reached * piety under Qazlal
  6739 | D:8      | Identified the +4 dagger "Hellblazer" {venom, rN+ rCorr
                  | SInv}
  7047 | D:9      | Paralysed by a hornet for 1 turns
  7149 | D:9      | Noticed a tengu warrior
  7350 | D:8      | Killed a tengu warrior
  7470 | D:8      | Killed from afar by an electric eel

Illustrated notes

Levels and vault maps discovered:
D:1:      minmay_arrival_hallway, layout_loops_ring,
          ebering_ecumenical_altar_webs, st_stairs_6
D:2:      layout_rooms, serial_bayou_ford_a, lemuel_another_geyser, uniq_terence
D:3:      gammafunk_wand_slinger, layout_basic, tso_oasis_becter, serial_shops,
          nicolae_shop_waterfront, minmay_misc_feat_more_columns
D:4:      layout_loops_ring
D:5:      layout_basic, gammafunk_ghost_arena, minmay_misc_feat_diagonals
D:6:      layout_basic, minmay_stone_trees_large, minmay_misc_feat_doors
D:7:      layout_loops_ring, minmay_temple_entry_butterflies, minivault_22,
          minmay_starry_boxes
D:8:      layout_loops_ring, erik_lair_island, uniq_maurice
D:9:      layout_loops_ring, uniq_prince_ribbit1
Temple:   nicolae_temple_the_god_donut

Skill      XL: |  1  2  3  4  5  6  7  8  9 10 |
---------------+-------------------------------+-----
Unarmed Combat | 3 4 5 6 7 9 |  9.8
Shields        | 3 4 5 6 |  6.1
Fighting       | 3 4 5 6 |  6.1
Dodging        | 3 4 5 6 |  6.1
Invocations    | 2 3 |  3.3

Action                   |  1- 3 |  4- 6 |  7- 9 | 10-12 || total
-------------------------+-------+-------+-------+-------++-------
Melee: Unarmed           |    90 |   141 |   325 |    74 ||   630
Throw: Dart              |       |       |    14 |       ||    14
       Throwing net      |       |       |       |     2 ||     2
Evoke: Wand              |       |       |     4 |       ||     4
  Use: Scroll            |     4 |       |     7 |       ||    11
Armor: Robe              |    31 |    50 |    74 |    38 ||   193
Dodge: Dodged            |    32 |    38 |   110 |    28 ||   208
Block: Kite shield       |    49 |    73 |   169 |    86 ||   377

Table legend: (Time is in decaauts)
 A = Elapsed time spent in this place.
 B = Non-inter-level travel time spent in this place.
 C = Inter-level travel time spent in this place.
 D = Time resting spent in this place.
 E = Time spent auto-exploring this place.
 F = Levels seen in this place.
 G = Mean time per level.
                   A        B        C        D        E       F      G
               +--------+--------+--------+--------+--------+-----+--------+
         Total |   7520 |   7228 |    292 |    225 |   5117 |  10 |  752.0 |
       Dungeon |   7463 |   7196 |    267 |    225 |   5092 |   9 |  829.2 |
        Temple |     56 |     31 |     25 |      0 |     25 |   1 |   56.0 |
               +--------+--------+--------+--------+--------+-----+--------+

Top non-repeatable levels by time:
     D:8: 1450 daAuts
     D:5: 1221 daAuts
     D:6: 1020 daAuts
     D:7: 960 daAuts
     D:3: 718 daAuts
     D:1: 663 daAuts
     D:2: 636 daAuts
     D:4: 584 daAuts
     D:9: 208 daAuts
  Temple: 56 daAuts
